 Seeded DCSS version 0.29.1-2-gbd0b4ee654 (webtiles) character file.

Game seed: 1 (custom seed)

3315 Kazon the Trooper (level 9, -8/71 HPs)
             Began as a Mummy Fighter on Oct 28, 2022.
             Was a Follower of Makhleb.
             Mangled by Maggie
             ... wielding a +0 glaive
              (14 damage)
             ... on level 6 of the Dungeon on Oct 31, 2022.
             The game lasted 00:27:51 (5741 turns).

Kazon the Trooper (Mummy Fighter)                   Turns: 5741, Time: 00:27:51

Health: -8/71      AC: 11    Str: 21    XL:     9   Next: 71%
Magic:  11/11      EV: 12    Int:  9    God:    Makhleb [*.....]
Gold:   633        SH:  5    Dex: 12    Spells: 8/8 levels left

rFire   x . .      SeeInvis .   s - +3 falchion of Winter {venom, rCorr}
rCold   + + +      Faith    .   c - +0 buckler
rNeg    + + +      Spirit   .   v - +3 leather armour {rC+}
rPois   ∞          Reflect  .   g - +0 helmet
rElec   .          Harm     .   (no cloak)
rCorr   +          Rampage  .   (no gloves)
Will    +....                   h - +2 pair of boots
Stlth   +.........              d - amulet of the acrobat
HPRegen 0.21/turn               o - ring of protection from cold
MPRegen 0.12/turn               (no ring)

@: mesmerised
A: cold resistance 1, negative energy resistance 3, torment resistance 2, heat
vulnerability 1, in touch with death 1, no potions
a: Renounce Religion


You were on level 6 of the Dungeon.
You worshipped Makhleb.
Makhleb was aware of your devotion.
You visited 2 branches of the dungeon, and saw 9 of its levels.

You collected 966 gold pieces.
You spent 333 gold pieces at shops.

Inventory:

Hand Weapons
 a - a +2 long sword of protection
 e - a +2 dagger of venom
 s - the +3 falchion of Winter (weapon) {venom, rCorr}
   (You bought it in a shop on level 3 of the Dungeon)

   It poisons the flesh of those it strikes.
   rCorr:     It protects you from acid and corrosion.
Missiles
 f - 49 stones (quivered)
 k - 5 boomerangs
 r - 3 curare-tipped darts
 x - 8 poisoned darts
Armour
 c - a +0 buckler (worn)
 g - a +0 helmet (worn)
 h - a +2 pair of boots (worn)
 v - a +3 leather armour of cold resistance (worn)
Jewellery
 d - an amulet of the acrobat (around neck)
 o - a ring of protection from cold (left hand)
Wands
 b - a wand of roots (6)
 t - a wand of mindburst (16)
 u - a wand of flame (12)
Scrolls
 i - 5 scrolls of identify
 j - 2 scrolls of immolation
 l - 2 scrolls of fog
 m - a scroll of teleportation
 n - a scroll of magic mapping
 p - a scroll of poison
 q - 2 scrolls of enchant weapon
 w - a scroll of fear


   Skills:
 * Level 6.7 Fighting
 + Level 2.2(4.4) Short Blades
 + Level 6.0(6.2) Long Blades
 + Level 2.0 Throwing
 + Level 4.9 Armour
 + Level 3.3 Dodging
 + Level 0.5 Stealth
 + Level 3.8 Shields
 * Level 3.2 Invocations
 * Level 2.7 Evocations


You had 8 spell levels left.
You didn't know any spells.
Your spell library contained the following spells:

 Spells                   Type           Power      Damage    Failure   Level
 Apportation              Tloc           0%         N/A       52%         1
 Necrotise                Necr           0%         1d4       52%         1
 Sting                    Tmut/Pois      0%         1d3       52%         1
 Summon Small Mammal      Summ           0%         N/A       52%         1
 Poisonous Vapours        Pois/Air       0%         N/A       67%         2
 Olgreb's Toxic Radiance  Pois           0%         N/A       99%         4
 Fireball                 Conj/Fire      0%         3d3       100%        5
 Iskenderun's Battlesphe  Conj           0%         2d6       100%        5
 Conjure Ball Lightning   Conj/Air       0%         3x3d6     100%        6
 Orb of Destruction       Conj           0%         9d5       100%        7


Dungeon Overview and Level Annotations

Branches:
Dungeon (8/15)             Temple (1/1) D:7
   Lair: D:8-11

Altars:
Ashenzari
Gozag
Hepliaklqana
Makhleb
Okawaru

Shops:
D:3 (   D:8 (

Annotations:
D:6 Maggie


Innate Abilities, Weirdness & Mutations

You are immune to poison.
Your flesh is cold resistant. (rC+)
You are immune to negative energy. (rN+++)
You are immune to unholy pain and torment.
You are vulnerable to heat. (rF-)
You are in touch with the powers of death.
You do not drink.


Message History

The jelly jiggles.
You block the jelly's attack.
You slash the jelly!
Your hands burn!
The jelly is severely wounded.
Maggie hits you from afar with a +0 glaive.
The jelly hits you but does no damage.
You hit the jelly.
You kill the jelly!
Makhleb accepts your kill.
You feel better. You block Maggie's attack. Maggie hits you but does no damage.
There is an open door here.
You closely miss Maggie. Maggie hits you but does no damage.
You barely miss Maggie. Maggie casts a spell at you.
The bolt of fire hits you!! The fire burns you terribly!
You barely miss Maggie. Maggie barely misses you.
You hit Maggie.
Maggie is poisoned.
Maggie is lightly wounded.
Maggie mumbles some strange words.
Maggie attempts to bespell you!
You are mesmerised by Maggie!
You slash Maggie!
Maggie looks as sick as possible!
Maggie is lightly wounded.
Maggie hits you with a +0 glaive!
You hit Maggie but do no damage.
Maggie looks as sick as possible!
Maggie is lightly wounded.
Maggie hits you with a +0 glaive.
You slash Maggie!
Maggie looks as sick as possible!
Maggie is moderately wounded.
Maggie casts a spell at you. The bolt of fire hits you.
The fire burns you terribly!
* * * LOW HITPOINT WARNING * * *
Maggie hits you with a +0 glaive!
* * * LOW HITPOINT WARNING * * *
Aiming: Mindburst
Press: ? - help, Shift-Dir - straight line, f - Maggie
Aim: Maggie, wielding a +0 glaive and wearing +0 acid dragon scales (moderately wounded, mesmerising, extremely poisoned, chance to affect: 75%) Maggie's mind is blasted!!
Maggie hits you with a +0 glaive!
You die...

#.#.##)..#..##)#####...!#
#.#.#....#...#'#...+..#>#
#.#.#...'#........##..#.#
#.#.#.###.....!..###.##!#
#.#.####.........#.#....#
#.#.'.."....#...#'[#.##.#
#.#.####.........#.#.####
#...#.###.!......###.#
#.#.#...@#........##.#
#.#.#...@#...#+#...+.#
#)#.##$..#..## #####.#
#.#.##...#.## #.#
#.#.####.#.# #.#
#...######+#########.#
#.#..................#
#............#########
##############


You could see Maggie (mesmerising, extremely poisoned).

Vanquished Creatures
  A yak (D:6)
  Eustachio (D:5)
  Menkaure (D:5)
  Edmund (D:6)
  3 water moccasins
  2 orc warriors
  3 sky beasts
  2 black bears
  4 centaurs
  An ogre (D:6)
  A phantom (D:6)
  2 kobold brigands
  3 necrophages
  A bullfrog (D:7)
  5 scorpions
  A howler monkey (D:5)
  2 jellies (D:6)
  A hound (D:4)
  6 orc priests
  3 iguanas
  Robin (D:3)
  6 gnolls
  12 adders
  A shadow imp (D:6)
  3 worms
  21 orcs
  11 endoplasms
  A giant cockroach (D:1)
  16 goblins
  9 hobgoblins
  A jackal (D:4)
  17 kobolds
  A quokka (D:1)
  5 ball pythons
  4 bats
  3 frilled lizards
  6 rats
162 creatures vanquished.

Vanquished Creatures (others)
  A quokka (D:7)
1 creature vanquished.

Grand Total: 163 creatures vanquished

Notes
Turn   | Place    | Note
-------+----------+-------------------------------------------
     0 | D:1      | Kazon the Mummy Fighter began the quest for the Orb.
     0 | D:1      | Reached XP level 1. HP: 18/18 MP: 1/1
    32 | D:1      | Identified a scroll of acquirement
    32 | D:1      | Acquired 489 gold pieces
   177 | D:1      | Reached XP level 2. HP: 24/24 MP: 2/2
   869 | D:2      | Gained mutation: You are in touch with the powers of death.
                  | [Mummy growth]
   869 | D:2      | Reached XP level 3. HP: 27/29 MP: 3/3
  1179 | D:2      | Reached XP level 4. HP: 29/35 MP: 4/4
  1557 | D:3      | Found Umat's Antique Weapon Boutique.
  1583 | D:3      | Bought a crude falchion for 184 gold pieces
  1583 | D:3      | Identified the +3 falchion of Winter {venom, rCorr} (You
                  | bought it in a shop on level 3 of the Dungeon)
  1583 | D:3      | Bought a runed long sword for 149 gold pieces
  1767 | D:3      | Reached XP level 5. HP: 40/42 MP: 5/5
  1776 | D:3      | Noticed Robin
  1785 | D:3      | Killed Robin
  2086 | D:4      | Reached skill level 1 in Short Blades
  2086 | D:4      | Reached skill level 1 in Throwing
  2104 | D:4      | Reached skill level 1 in Dodging
  2179 | D:4      | Reached XP level 6. HP: 40/48 MP: 6/6
  2861 | D:4      | Found a hazy altar of Hepliaklqana.
  2924 | D:5      | Entered Level 5 of the Dungeon
  2959 | D:5      | Noticed Menkaure
  2970 | D:5      | Killed Menkaure
  2971 | D:5      | Reached XP level 7. HP: 12/55 MP: 7/7
  3605 | D:5      | Reached XP level 8. HP: 54/61 MP: 8/8
  3806 | D:5      | Reached skill level 5 in Fighting
  3874 | D:5      | Noticed Eustachio
  3886 | D:5      | Killed Eustachio
  3906 | D:5      | Reached skill level 1 in Evocations
  3985 | D:5      | You fall into a shaft and drop 3 floors!
  4052 | D:8      | Found Esumer's Weapon Shop.
  4269 | D:7      | Found a staircase to the Ecumenical Temple.
  4277 | Temple   | Entered the Ecumenical Temple
  4282 | Temple   | Became a worshipper of Makhleb the Destroyer
  4475 | D:6      | Noticed Edmund
  4586 | D:5      | Reached skill level 5 in Long Blades
  4688 | D:6      | Reached XP level 9. HP: 48/69 MP: 9/9
  4697 | D:6      | Reached * piety under Makhleb
  4839 | D:6      | Reached skill level 1 in Invocations
  5100 | D:6      | Killed Edmund
  5727 | D:6      | Noticed Maggie
  5741 | D:6      | Mangled by Maggie

Illustrated notes

Levels and vault maps discovered:
D:1:      dpeg_arrival_three_smaller_balls, layout_basic
D:2:      layout_loops_ring
D:3:      layout_basic, serial_shops, nicolae_shop_stone, st_stairs_9,
          minmay_misc_feat_doors, eino_curves_03, uniq_robin
D:4:      minmay_wonky_spiral, layout_basic,
          mainiacjoe_overflow_surrounded_room, minivault_5
D:5:      layout_cave_pods, uniq_menkaure, uniq_eustachio
D:6:      cheibrodos_barr_body, layout_basic, minmay_crystal_room,
          minmay_pentangle, uniq_maggie, uniq_edmund
D:7:      layout_cave_pools, nicolae_uskayaw_murder_on_the_dancefloor,
          elyvilon_altar_4, minmay_temple_entry_purple_smoke
D:8:      layout_basic, serial_shops, shop_statue, kennysheep_little_box, shop,
          nicolae_shop_window_shopping
Temple:   nicolae_temple_bog_church

Skill      XL: |  1  2  3  4  5  6  7  8  9 |
---------------+----------------------------+-----
Long Blades    | 2 3 4 5 6 |  6.0
Armour         | 3 4 |  4.9
Short Blades   | 1 2 |  2.2
Throwing       | 1 2 |  2.0
Fighting       | 4 6 |  6.7
Dodging        | 1 2 3 |  3.3
Shields        | 3 |  3.8
Evocations     | 2 |  2.7
Invocations    | 3 |  3.2
Stealth        | |  0.5

Action                   |  1- 3 |  4- 6 |  7- 9 || total
-------------------------+-------+-------+-------++-------
Melee: Long sword        |    93 |       |       ||    93
       Dagger            |     9 |    92 |       ||   101
       Falchion          |       |    89 |   312 ||   401
Throw: Stone             |       |     5 |    39 ||    44
Evoke: Wand              |       |       |     4 ||     4
  Use: Scroll            |     1 |     2 |     6 ||     9
Armor: Scale mail        |    55 |    61 |    38 ||   154
       Leather armour    |       |       |    85 ||    85
Dodge: Dodged            |    69 |    71 |   171 ||   311
Block: Buckler           |    29 |    32 |    60 ||   121
